[ AOE2 MATCH · #481639680 ]
UnrankedFranks vs Saracens
[ REPLAY ANALYSIS · EXTRACTED FROM THE RECORDED GAME ]
Feudal
11:11
Castle
15:56
Imperial
30:15
| APM avg | 21.7 |
| APM peak | 42 |
| eAPM avg | 12.6 |
| Villagers / military | 128 / 101 |
Focus
⚔️ 30.1% · 🌾 69.9%
Knight ×58 · Throwing Axeman ×35 · Trade Cart ×12 · Trebuchet (Packed) ×7 · Spearman ×1
Feudal
13:55
Castle
25:58
Imperial
—
| APM avg | 19.9 |
| APM peak | 75 |
| eAPM avg | 10.8 |
| Villagers / military | 63 / 75 |
Focus
⚔️ 32.3% · 🌾 67.7%
Spearman ×37 · Mameluke ×14 · Cavalry Archer ×11 · Archer ×7 · Battering Ram ×6
Feudal
11:41
Castle
23:40
Imperial
43:46
| APM avg | 68.9 |
| APM peak | 228 |
| eAPM avg | 49.9 |
| Villagers / military | 173 / 116 |
Focus
⚔️ 25.3% · 🌾 74.7%
Scorpion ×60 · Ballista Elephant ×33 · Battle Elephant ×16 · Monk ×3 · Spearman ×2 · Scout Cavalry ×2
Feudal
—
Castle
—
Imperial
—
| APM avg | 26.9 |
| APM peak | 77 |
| eAPM avg | 14.5 |
| Villagers / military | 172 / 138 |
Focus
⚔️ 31.2% · 🌾 68.8%
Scorpion ×80 · Spearman ×21 · Militia ×15 · Mangonel ×15 · Trebuchet (Packed) ×7
Feudal
10:20
Castle
17:03
Imperial
41:51
| APM avg | 19.4 |
| APM peak | 52 |
| eAPM avg | 16.0 |
| Villagers / military | 127 / 229 |
Focus
⚔️ 48.0% · 🌾 52.0%
Militia ×152 · Scorpion ×49 · Battering Ram ×21 · Mangonel ×7
Feudal
11:46
Castle
20:21
Imperial
34:27
| APM avg | 27.2 |
| APM peak | 79 |
| eAPM avg | 14.8 |
| Villagers / military | 142 / 214 |
Focus
⚔️ 31.7% · 🌾 68.3%
Archer ×105 · Skirmisher ×40 · Scout Cavalry ×37 · Shotel Warrior ×26 · Mangonel ×4 · Trebuchet (Packed) ×2
Feudal
11:03
Castle
23:27
Imperial
38:52
| APM avg | 27.8 |
| APM peak | 69 |
| eAPM avg | 15.0 |
| Villagers / military | 85 / 133 |
Focus
⚔️ 30.7% · 🌾 69.3%
Cavalry Archer ×81 · Skirmisher ×25 · Scout Cavalry ×16 · Knight ×5 · Monk ×2 · Spearman ×2
Feudal
11:37
Castle
21:12
Imperial
47:51
| APM avg | 40.7 |
| APM peak | 100 |
| eAPM avg | 28.5 |
| Villagers / military | 192 / 81 |
Focus
⚔️ 14.6% · 🌾 85.4%
Skirmisher ×57 · Ghulam ×22 · Trade Cart ×19 · Archer ×2
Match map
Initial resources + every placement click. Lines = walls · curves = elevation contours. ◆ gold · ⬟ stone · ● berries · ✦ relic · ◌ wall gap
Your base· Open — unwalled flank
SMNT-Chifuego's base· ✓ Closed at 25:58 · 55t walls · 2 gate(s) · fragile
jean-danie1's base· Open — unwalled flank
tomcoronell's base· ✓ Closed at 22:43 · 0t walls · fragile
ivancarrascov's base· Open — unwalled flank
Scout Conquer's base· Open — unwalled flank
Valgt's base· ✓ Closed at 23:27 · 57t walls · 2 gate(s)
tanbuiminh2000's base· Open — unwalled flank
Smoothed initial terrain · ◌ = detected wall gap · hover for details
Inputs per minute
— kuzgun - - SMNT-Chifuego
Build order — kuzgun
First 150 of 340 actions detected
| 0:01 | Create | Villager (Male) |
| 0:02 | Create | Villager (Male) |
| 0:04 | Build | House |
| 0:06 | Build | House |
| 0:19 | Create | Villager (Male) |
| 0:20 | Create | Villager (Male) |
| 1:29 | Create | Villager (Male) |
| 1:30 | Create | Villager (Male) |
| 2:05 | Create | Villager (Male) |
| 2:06 | Create | Villager (Male) |
| 2:19 | Create | Villager (Male) |
| 2:19 | Create | Villager (Male) |
| 2:58 | Create | Villager (Male) |
| 3:09 | Build | Lumber Camp |
| 3:11 | Create | Villager (Male) |
| 3:41 | Build | House |
| 3:43 | Build | House |
| 3:46 | Create | Villager (Male) |
| 4:07 | Create | Villager (Male) |
| 4:23 | Build | Mill |
| 4:44 | Create | Villager (Male) |
| 4:45 | Create | Villager (Male) |
| 4:53 | Build | House |
| 5:18 | Create | Villager (Male) |
| 5:18 | Create | Villager (Male) |
| 5:18 | Create | Villager (Male) |
| 6:06 | Create | Villager (Male) |
| 6:06 | Create | Villager (Male) |
| 6:06 | Create | Villager (Male) |
| 6:40 | Create | Villager (Male) |
| 6:41 | Create | Villager (Male) |
| 8:01 | Create | Villager (Male) |
| 8:02 | Create | Villager (Male) |
| 8:02 | Create | Villager (Male) |
| 8:41 | Create | Villager (Male) |
| 8:41 | Create | Villager (Male) |
| 8:52 | Build | Mining Camp |
| 9:00 | Research | Feudal Age |
| 9:47 | Build | Farm |
| 9:49 | Build | Farm |
| 9:51 | Build | Farm |
| 9:52 | Build | Farm |
| 10:09 | Create | Villager (Male) |
| 10:10 | Create | Villager (Male) |
| 10:10 | Create | Villager (Male) |
| 11:11 | Age | Feudal Age |
| 11:17 | Create | Villager (Male) |
| 11:31 | Build | Market |
| 11:42 | Build | Blacksmith |
| 13:16 | Research | Castle Age |
| 13:21 | Build | Mining Camp |
| 13:39 | Build | Mill |
| 13:56 | Build | House |
| 14:38 | Build | Barracks |
| 14:44 | Research | Loom |
| 14:44 | Create | Villager (Male) |
| 14:45 | Create | Villager (Male) |
| 14:45 | Create | Villager (Male) |
| 14:53 | Research | Double-Bit Axe |
| 15:56 | Age | Castle Age |
| 16:06 | Build | Town Center |
| 16:21 | Create | Spearman |
| 16:46 | Build | Stable |
| 16:55 | Build | Stone Wall |
| 17:02 | Build | Gate |
| 17:12 | Build | House |
| 17:16 | Create | Villager (Male) |
| 17:22 | Create | Villager (Male) |
| 17:23 | Create | Villager (Male) |
| 17:23 | Create | Villager (Male) |
| 17:39 | Build | Farm |
| 17:52 | Create | Knight |
| 17:55 | Create | Knight |
| 18:12 | Build | House |
| 18:21 | Build | House |
| 18:22 | Build | House |
| 18:28 | Create | Villager (Male) |
| 18:29 | Create | Villager (Male) |
| 18:29 | Create | Villager (Male) |
| 18:30 | Create | Villager (Male) |
| 18:32 | Build | Farm |
| 18:43 | Build | Farm |
| 18:45 | Create | Villager (Male) |
| 18:53 | Build | Farm |
| 19:00 | Build | House |
| 19:04 | Build | House |
| 19:06 | Build | House |
| 19:11 | Build | House |
| 19:16 | Build | Stone Wall |
| 19:21 | Build | Gate |
| 19:23 | Create | Knight |
| 20:00 | Create | Villager (Male) |
| 20:00 | Create | Villager (Male) |
| 20:04 | Build | Farm |
| 20:06 | Build | Farm |
| 20:10 | Build | Farm |
| 20:12 | Build | Farm |
| 20:13 | Build | Farm |
| 20:15 | Create | Villager (Male) |
| 20:18 | Build | Farm |
| 20:23 | Create | Villager (Male) |
| 21:10 | Create | Villager (Male) |
| 21:13 | Build | Farm |
| 21:14 | Build | Farm |
| 21:18 | Build | Farm |
| 21:22 | Create | Villager (Male) |
| 21:22 | Create | Villager (Male) |
| 21:22 | Create | Villager (Male) |
| 21:34 | Build | Mining Camp |
| 22:08 | Build | House |
| 22:53 | Build | Castle |
| 23:00 | Create | Knight |
| 23:00 | Create | Knight |
| 23:01 | Create | Knight |
| 23:16 | Create | Villager (Male) |
| 23:17 | Create | Villager (Male) |
| 23:17 | Create | Villager (Male) |
| 23:17 | Create | Villager (Male) |
| 23:38 | Create | Villager (Male) |
| 23:38 | Create | Villager (Male) |
| 23:39 | Create | Villager (Male) |
| 23:41 | Build | Farm |
| 23:42 | Build | Farm |
| 25:42 | Create | Villager (Male) |
| 25:42 | Create | Villager (Male) |
| 25:43 | Create | Villager (Male) |
| 25:44 | Create | Villager (Male) |
| 25:44 | Create | Villager (Male) |
| 25:45 | Create | Villager (Male) |
| 25:45 | Create | Villager (Male) |
| 25:50 | Build | Farm |
| 26:00 | Build | Mining Camp |
| 26:04 | Create | Villager (Male) |
| 26:19 | Build | Town Center |
| 27:05 | Research | Imperial Age |
| 27:06 | Create | Villager (Male) |
| 27:06 | Create | Villager (Male) |
| 27:07 | Create | Villager (Male) |
| 27:07 | Create | Villager (Male) |
| 27:07 | Create | Villager (Male) |
| 27:54 | Build | Castle |
| 28:06 | Create | Knight |
| 28:06 | Create | Knight |
| 28:21 | Build | Palisade Wall |
| 29:00 | Create | Throwing Axeman |
| 29:01 | Create | Throwing Axeman |
| 29:01 | Create | Throwing Axeman |
| 29:01 | Create | Throwing Axeman |
| 29:01 | Create | Throwing Axeman |
| 30:11 | Create | Villager (Male) ×5 |
Build order — SMNT-Chifuego
First 150 of 219 actions detected
| 0:03 | Create | Villager (Male) |
| 0:03 | Create | Villager (Male) |
| 0:03 | Create | Villager (Male) |
| 0:04 | Create | Villager (Male) |
| 0:04 | Create | Villager (Male) |
| 0:07 | Build | House |
| 0:10 | Build | House |
| 1:46 | Create | Villager (Male) |
| 1:47 | Create | Villager (Male) |
| 2:18 | Create | Villager (Male) |
| 2:18 | Create | Villager (Male) |
| 2:35 | Create | Villager (Male) |
| 2:36 | Create | Villager (Male) |
| 4:03 | Build | Lumber Camp |
| 4:07 | Create | Villager (Male) |
| 4:07 | Create | Villager (Male) |
| 4:29 | Create | Villager (Male) |
| 4:29 | Create | Villager (Male) |
| 4:34 | Build | House |
| 4:36 | Build | House |
| 4:38 | Build | House |
| 6:16 | Build | House |
| 6:21 | Build | House |
| 6:31 | Create | Villager (Male) |
| 6:31 | Create | Villager (Male) |
| 7:04 | Build | Mill |
| 7:28 | Create | Villager (Male) |
| 7:28 | Create | Villager (Male) |
| 7:41 | Build | Palisade Wall |
| 8:32 | Create | Villager (Male) |
| 8:32 | Create | Villager (Male) |
| 8:39 | Build | Palisade Wall |
| 8:50 | Create | Villager (Male) |
| 9:15 | Build | House |
| 9:29 | Build | Palisade Wall |
| 9:51 | Create | Villager (Male) |
| 9:51 | Create | Villager (Male) |
| 9:51 | Create | Villager (Male) |
| 11:32 | Build | Palisade Wall |
| 11:45 | Research | Feudal Age |
| 11:46 | Research | Loom |
| 12:11 | Build | Mining Camp |
| 13:21 | Build | Farm |
| 13:46 | Build | Palisade Wall |
| 13:52 | Build | Palisade Wall |
| 13:55 | Age | Feudal Age |
| 13:55 | Build | Palisade Gate |
| 14:03 | Create | Villager (Male) |
| 14:04 | Create | Villager (Male) |
| 14:04 | Create | Villager (Male) |
| 14:21 | Research | Double-Bit Axe |
| 14:25 | Create | Villager (Male) |
| 14:25 | Create | Villager (Male) |
| 14:50 | Build | Barracks |
| 14:59 | Build | Farm |
| 15:01 | Create | Villager (Male) |
| 15:01 | Create | Villager (Male) |
| 15:17 | Build | Palisade Gate |
| 15:39 | Create | Spearman |
| 15:40 | Create | Spearman |
| 16:25 | Build | Farm |
| 16:26 | Build | Farm |
| 16:28 | Build | Farm |
| 16:36 | Create | Villager (Male) |
| 16:36 | Create | Villager (Male) |
| 17:35 | Build | Palisade Wall |
| 17:41 | Build | Mill |
| 18:11 | Build | Farm |
| 18:12 | Create | Villager (Male) |
| 18:13 | Create | Villager (Male) |
| 18:16 | Build | Lumber Camp |
| 18:19 | Create | Villager (Male) |
| 18:20 | Create | Villager (Male) |
| 18:33 | Research | Horse Collar |
| 18:44 | Build | Archery Range |
| 19:24 | Build | Farm |
| 19:25 | Build | Farm |
| 19:35 | Build | Market |
| 19:39 | Build | Blacksmith |
| 19:55 | Build | Farm |
| 19:58 | Build | Farm |
| 20:01 | Create | Villager (Male) |
| 20:01 | Create | Villager (Male) |
| 20:28 | Create | Archer |
| 20:28 | Create | Archer |
| 20:29 | Create | Archer |
| 20:37 | Build | Farm |
| 20:41 | Create | Villager (Male) |
| 20:41 | Create | Villager (Male) |
| 20:46 | Build | Farm |
| 20:54 | Research | Fletching |
| 21:43 | Build | Mining Camp |
| 21:58 | Create | Archer |
| 21:58 | Create | Archer |
| 22:21 | Create | Archer |
| 22:21 | Create | Archer |
| 22:26 | Create | Spearman |
| 22:26 | Create | Spearman |
| 23:06 | Build | Palisade Wall |
| 23:18 | Research | Castle Age |
| 23:20 | Research | Town Watch |
| 23:20 | Create | Villager (Male) |
| 23:21 | Create | Villager (Male) |
| 23:41 | Build | House |
| 23:43 | Build | House |
| 24:10 | Build | House |
| 24:13 | Build | House |
| 24:29 | Research | Forging |
| 25:58 | Age | Castle Age |
| 26:05 | Research | Squires |
| 26:05 | Research | Pikeman (upgrade) |
| 26:10 | Research | Padded Archer Armor |
| 26:15 | Create | Cavalry Archer |
| 26:15 | Create | Cavalry Archer |
| 26:24 | Build | Archery Range |
| 26:26 | Build | Archery Range |
| 26:38 | Build | Lumber Camp |
| 26:46 | Create | Villager (Male) |
| 26:46 | Create | Villager (Male) |
| 26:49 | Research | Heavy Plow |
| 26:57 | Build | Farm |
| 27:06 | Create | Cavalry Archer |
| 27:06 | Create | Cavalry Archer |
| 27:23 | Create | Villager (Male) |
| 27:24 | Create | Villager (Male) |
| 27:49 | Build | Castle |
| 28:02 | Create | Cavalry Archer |
| 28:09 | Create | Spearman |
| 28:09 | Create | Spearman |
| 28:18 | Build | Farm |
| 28:21 | Build | Farm |
| 28:22 | Build | Farm |
| 28:24 | Create | Villager (Male) |
| 28:24 | Create | Villager (Male) |
| 28:29 | Create | Cavalry Archer |
| 28:29 | Create | Cavalry Archer |
| 28:35 | Create | Cavalry Archer |
| 28:35 | Create | Cavalry Archer |
| 29:49 | Create | Spearman |
| 29:49 | Create | Spearman |
| 29:49 | Create | Spearman |
| 30:03 | Create | Mameluke |
| 30:04 | Create | Mameluke |
| 30:04 | Create | Mameluke |
| 30:04 | Create | Mameluke |
| 30:09 | Build | Siege Workshop |
| 31:08 | Build | Barracks |
| 31:09 | Build | Barracks |
| 31:31 | Create | Battering Ram |
| 31:31 | Create | Battering Ram |
Build order — jean-danie1
First 150 of 468 actions detected
| 0:05 | Create | Villager (Male) |
| 0:05 | Create | Villager (Male) |
| 0:06 | Create | Villager (Male) |
| 0:06 | Create | Villager (Male) |
| 0:09 | Build | House |
| 0:11 | Build | House |
| 1:32 | Create | Villager (Male) |
| 1:32 | Create | Villager (Male) |
| 1:54 | Create | Villager (Male) |
| 2:15 | Build | House |
| 2:43 | Create | Villager (Male) |
| 2:43 | Create | Villager (Male) |
| 3:03 | Research | Loom |
| 3:03 | Research | Loom |
| 3:20 | Build | Mill |
| 3:23 | Create | Villager (Male) |
| 3:23 | Create | Villager (Male) |
| 3:44 | Create | Villager (Male) |
| 3:44 | Create | Villager (Male) |
| 3:44 | Create | Villager (Male) |
| 4:25 | Create | Villager (Male) |
| 4:25 | Create | Villager (Male) |
| 4:25 | Create | Villager (Male) |
| 4:47 | Create | Villager (Male) |
| 4:47 | Create | Villager (Male) |
| 4:47 | Create | Villager (Male) |
| 4:54 | Build | House |
| 5:05 | Create | Villager (Male) |
| 5:05 | Create | Villager (Male) |
| 5:27 | Create | Villager (Male) |
| 5:27 | Create | Villager (Male) |
| 5:43 | Build | House |
| 5:53 | Create | Villager (Male) |
| 5:53 | Create | Villager (Male) |
| 5:53 | Create | Villager (Male) |
| 6:09 | Create | Villager (Male) |
| 6:10 | Create | Villager (Male) |
| 6:29 | Create | Villager (Male) |
| 6:29 | Create | Villager (Male) |
| 6:35 | Build | Mining Camp |
| 7:03 | Create | Villager (Male) |
| 7:04 | Create | Villager (Male) |
| 7:24 | Create | Villager (Male) |
| 7:24 | Create | Villager (Male) |
| 7:24 | Create | Villager (Male) |
| 7:43 | Create | Villager (Male) |
| 7:44 | Create | Villager (Male) |
| 7:44 | Create | Villager (Male) |
| 7:44 | Create | Villager (Male) |
| 8:20 | Create | Villager (Male) |
| 8:38 | Create | Villager (Male) |
| 8:44 | Build | Lumber Camp |
| 9:07 | Build | House |
| 9:31 | Research | Feudal Age |
| 10:26 | Build | Lumber Camp |
| 11:10 | Create | Villager (Male) |
| 11:18 | Build | Farm |
| 11:19 | Build | Farm |
| 11:41 | Age | Feudal Age |
| 11:43 | Create | Villager (Male) |
| 11:43 | Create | Villager (Male) |
| 11:44 | Create | Villager (Male) |
| 11:48 | Research | Double-Bit Axe |
| 11:48 | Research | Double-Bit Axe |
| 12:10 | Build | Farm |
| 12:11 | Create | Villager (Male) |
| 12:41 | Create | Villager (Male) |
| 12:46 | Build | Barracks |
| 13:08 | Build | Farm |
| 13:19 | Build | Watch Tower |
| 13:23 | Create | Villager (Male) |
| 13:24 | Build | Farm |
| 13:32 | Create | Villager (Male) |
| 13:39 | Create | Villager (Male) |
| 13:46 | Create | Villager (Male) |
| 13:49 | Build | Farm |
| 13:58 | Create | Villager (Male) |
| 14:11 | Create | Villager (Male) |
| 14:23 | Create | Villager (Male) |
| 14:24 | Create | Villager (Male) |
| 14:27 | Build | Farm |
| 14:28 | Create | Villager (Male) |
| 14:52 | Build | House |
| 14:54 | Build | House |
| 14:58 | Create | Villager (Male) |
| 14:58 | Create | Villager (Male) |
| 15:02 | Build | Farm |
| 15:03 | Create | Villager (Male) |
| 15:07 | Build | Stable |
| 15:29 | Build | House |
| 15:30 | Build | House |
| 16:04 | Build | Mining Camp |
| 16:27 | Build | Stone Wall |
| 16:44 | Create | Scout Cavalry |
| 16:45 | Create | Scout Cavalry |
| 17:12 | Build | Market |
| 17:14 | Create | Villager (Male) |
| 17:28 | Build | Farm |
| 17:34 | Build | Farm |
| 17:49 | Build | House |
| 17:50 | Build | House |
| 17:59 | Create | Villager (Male) |
| 18:04 | Create | Villager (Male) |
| 18:17 | Build | Farm |
| 18:27 | Build | Farm |
| 18:34 | Create | Villager (Male) |
| 18:51 | Build | Farm |
| 19:14 | Build | Farm |
| 19:15 | Create | Villager (Male) |
| 19:38 | Build | Farm |
| 20:27 | Create | Villager (Male) |
| 20:29 | Build | Farm |
| 20:55 | Build | Farm |
| 21:00 | Research | Castle Age |
| 21:21 | Build | Stone Wall |
| 21:36 | Create | Spearman |
| 21:36 | Create | Spearman |
| 22:14 | Research | Horse Collar |
| 22:15 | Research | Horse Collar |
| 22:15 | Research | Horse Collar |
| 22:17 | Research | Gold Mining |
| 22:18 | Research | Stone Mining |
| 22:18 | Research | Stone Mining |
| 22:18 | Research | Stone Mining |
| 22:18 | Research | Stone Mining |
| 22:22 | Research | Bloodlines |
| 22:22 | Research | Bloodlines |
| 22:49 | Create | Villager (Male) |
| 23:14 | Build | Blacksmith |
| 23:19 | Build | House |
| 23:28 | Create | Villager (Male) |
| 23:33 | Build | Farm |
| 23:33 | Build | Farm |
| 23:34 | Create | Villager (Male) |
| 23:40 | Age | Castle Age |
| 23:43 | Create | Villager (Male) |
| 23:53 | Create | Villager (Male) |
| 23:53 | Create | Villager (Male) |
| 24:00 | Create | Villager (Male) |
| 24:00 | Create | Villager (Male) |
| 24:00 | Create | Villager (Male) |
| 24:15 | Build | Castle |
| 24:18 | Create | Villager (Male) |
| 24:19 | Create | Villager (Male) |
| 24:20 | Create | Villager (Male) |
| 24:27 | Create | Villager (Male) |
| 25:05 | Create | Villager (Male) |
| 25:05 | Create | Villager (Male) |
| 25:22 | Build | Farm |
| 25:31 | Build | Mining Camp |
Build order — tomcoronell
First 150 of 381 actions detected
| 0:01 | Create | Villager (Male) |
| 0:02 | Create | Villager (Male) |
| 0:02 | Create | Villager (Male) |
| 0:03 | Build | House |
| 0:04 | Build | House |
| 0:32 | Create | Villager (Male) |
| 1:38 | Create | Villager (Male) |
| 1:46 | Build | Lumber Camp |
| 2:04 | Create | Villager (Male) |
| 2:38 | Create | Villager (Male) |
| 2:58 | Create | Villager (Male) |
| 3:27 | Create | Villager (Male) |
| 3:36 | Build | House |
| 3:43 | Create | Villager (Male) |
| 4:00 | Build | Mill |
| 4:16 | Create | Villager (Male) |
| 4:53 | Create | Villager (Male) |
| 5:11 | Create | Villager (Male) |
| 5:46 | Create | Villager (Male) |
| 5:55 | Create | Villager (Male) |
| 6:13 | Create | Villager (Male) |
| 6:35 | Create | Villager (Male) |
| 6:40 | Build | House |
| 7:17 | Create | Villager (Male) |
| 7:17 | Research | Loom |
| 8:08 | Research | Feudal Age |
| 8:15 | Build | Barracks |
| 8:25 | Build | Mining Camp |
| 8:30 | Create | Villager (Male) |
| 8:30 | Create | Villager (Male) |
| 8:56 | Create | Villager (Male) |
| 9:33 | Build | House |
| 9:34 | Create | Militia |
| 9:35 | Create | Militia |
| 9:35 | Create | Militia |
| 10:03 | Build | House |
| 10:07 | Create | Militia |
| 10:37 | Research | Double-Bit Axe |
| 10:41 | Build | Farm |
| 10:44 | Build | Farm |
| 10:52 | Build | Farm |
| 11:00 | Build | House |
| 11:08 | Build | Farm |
| 11:11 | Build | Farm |
| 11:26 | Create | Villager (Male) |
| 11:45 | Build | Farm |
| 11:49 | Build | Farm |
| 11:52 | Build | Farm |
| 11:53 | Research | Man-at-Arms (upgrade) |
| 12:01 | Build | Farm |
| 12:14 | Create | Villager (Male) |
| 12:22 | Build | Farm |
| 12:35 | Create | Villager (Male) |
| 12:46 | Create | Spearman |
| 12:58 | Create | Villager (Male) |
| 13:18 | Create | Villager (Male) |
| 13:21 | Create | Militia |
| 13:32 | Build | Farm |
| 13:34 | Research | Horse Collar |
| 13:50 | Create | Villager (Male) |
| 13:57 | Build | Blacksmith |
| 14:23 | Create | Villager (Male) |
| 14:38 | Create | Villager (Male) |
| 14:41 | Create | Militia |
| 14:50 | Create | Militia |
| 15:03 | Research | Forging |
| 15:13 | Build | Farm |
| 15:14 | Build | Farm |
| 15:14 | Build | Farm |
| 15:20 | Build | Farm |
| 15:27 | Build | Farm |
| 15:28 | Create | Villager (Male) |
| 15:29 | Create | Militia |
| 15:42 | Create | Militia |
| 15:44 | Create | Villager (Male) |
| 16:08 | Build | House |
| 16:16 | Create | Villager (Male) |
| 16:21 | Create | Militia |
| 16:33 | Create | Villager (Male) |
| 16:37 | Build | Farm |
| 16:42 | Build | House |
| 16:48 | Create | Militia |
| 17:03 | Research | Scale Mail Armor |
| 17:10 | Create | Villager (Male) |
| 17:13 | Build | House |
| 17:26 | Create | Villager (Male) |
| 17:38 | Create | Villager (Male) |
| 17:42 | Create | Militia |
| 17:47 | Build | House |
| 18:00 | Create | Villager (Male) |
| 18:10 | Build | Farm |
| 18:12 | Build | Farm |
| 18:13 | Create | Villager (Male) |
| 18:18 | Build | Lumber Camp |
| 18:25 | Create | Villager (Male) |
| 18:46 | Create | Militia |
| 18:49 | Build | House |
| 18:56 | Create | Militia |
| 19:13 | Create | Militia |
| 19:21 | Build | House |
| 19:22 | Create | Villager (Male) |
| 19:35 | Create | Spearman |
| 19:36 | Create | Spearman |
| 19:59 | Build | House |
| 20:10 | Create | Villager (Male) |
| 20:25 | Create | Villager (Male) |
| 20:33 | Create | Spearman |
| 20:52 | Build | House |
| 20:57 | Build | Farm |
| 21:00 | Create | Villager (Male) |
| 21:07 | Build | Barracks |
| 21:16 | Build | Market |
| 21:19 | Research | Gold Mining |
| 21:24 | Build | Mining Camp |
| 21:25 | Create | Villager (Male) |
| 21:40 | Create | Spearman |
| 21:41 | Create | Spearman |
| 21:48 | Create | Villager (Male) |
| 21:53 | Create | Spearman |
| 21:56 | Create | Villager (Male) |
| 22:25 | Create | Spearman |
| 22:43 | Research | Castle Age |
| 22:45 | Research | Wheelbarrow |
| 23:18 | Research | Stone Mining |
| 23:31 | Build | House |
| 23:32 | Build | House |
| 24:47 | Create | Villager (Male) |
| 25:10 | Create | Villager (Male) |
| 25:27 | Research | Pikeman (upgrade) |
| 25:28 | Research | Chain Mail Armor |
| 25:31 | Create | Spearman |
| 25:31 | Create | Spearman |
| 25:36 | Create | Villager (Male) |
| 25:39 | Build | House |
| 25:45 | Research | Bow Saw |
| 25:57 | Build | Town Center |
| 26:07 | Build | Town Center |
| 26:14 | Create | Villager (Male) |
| 26:17 | Build | House |
| 26:18 | Research | Fletching |
| 26:23 | Research | Long Swordsman (upgrade) |
| 26:25 | Research | Iron Casting |
| 26:33 | Create | Villager (Male) |
| 26:38 | Create | Villager (Male) |
| 26:41 | Research | Gold Shaft Mining |
| 26:50 | Create | Villager (Male) |
| 26:51 | Create | Villager (Male) |
| 26:53 | Build | Farm |
| 26:54 | Build | Farm |
| 27:00 | Build | House |
Build order — ivancarrascov
First 150 of 502 actions detected
| 0:02 | Create | Villager (Male) |
| 0:02 | Create | Villager (Male) |
| 0:03 | Create | Villager (Male) |
| 0:03 | Create | Villager (Male) |
| 0:03 | Create | Villager (Male) |
| 0:05 | Build | House |
| 1:32 | Create | Villager (Male) |
| 1:32 | Create | Villager (Male) |
| 1:37 | Build | House |
| 2:02 | Build | House |
| 2:03 | Build | House |
| 2:09 | Create | Villager (Male) |
| 2:09 | Create | Villager (Male) |
| 2:21 | Create | Villager (Male) |
| 2:21 | Create | Villager (Male) |
| 2:58 | Create | Villager (Male) |
| 2:58 | Create | Villager (Male) |
| 3:07 | Create | Villager (Male) |
| 3:08 | Create | Villager (Male) |
| 3:13 | Build | Lumber Camp |
| 3:25 | Create | Villager (Male) |
| 3:25 | Create | Villager (Male) |
| 4:10 | Create | Villager (Male) |
| 4:10 | Create | Villager (Male) |
| 4:42 | Create | Villager (Male) |
| 4:43 | Create | Villager (Male) |
| 4:43 | Create | Villager (Male) |
| 5:04 | Build | Mill |
| 5:39 | Create | Villager (Male) |
| 5:57 | Create | Villager (Male) |
| 5:57 | Create | Villager (Male) |
| 6:23 | Create | Villager (Male) |
| 6:35 | Build | Mining Camp |
| 6:49 | Create | Villager (Male) |
| 6:50 | Create | Villager (Male) |
| 7:19 | Create | Villager (Male) |
| 7:44 | Create | Villager (Male) |
| 8:10 | Research | Feudal Age |
| 8:36 | Build | House |
| 8:50 | Build | Mill |
| 10:04 | Research | Loom |
| 10:09 | Create | Villager (Male) |
| 10:09 | Create | Villager (Male) |
| 10:11 | Create | Villager (Male) |
| 10:11 | Create | Villager (Male) |
| 10:12 | Create | Villager (Male) |
| 10:12 | Create | Villager (Male) |
| 10:20 | Age | Feudal Age |
| 10:34 | Build | Farm |
| 10:37 | Build | Farm |
| 10:50 | Build | Market |
| 11:03 | Build | Farm |
| 11:12 | Build | Farm |
| 11:27 | Build | Farm |
| 11:41 | Build | Farm |
| 12:24 | Build | Blacksmith |
| 12:43 | Create | Villager (Male) |
| 12:51 | Build | House |
| 13:48 | Create | Villager (Male) |
| 14:04 | Build | Barracks |
| 14:23 | Research | Castle Age |
| 15:09 | Build | Lumber Camp |
| 15:32 | Research | Double-Bit Axe |
| 16:26 | Research | Wheelbarrow |
| 16:48 | Research | Horse Collar |
| 17:03 | Age | Castle Age |
| 17:07 | Create | Villager (Male) |
| 17:16 | Build | Siege Workshop |
| 17:43 | Build | Town Center |
| 18:09 | Create | Mangonel |
| 18:13 | Create | Villager (Male) |
| 18:18 | Research | Bow Saw |
| 19:04 | Create | Villager (Male) |
| 19:04 | Create | Villager (Male) |
| 19:04 | Create | Villager (Male) |
| 19:04 | Create | Villager (Male) |
| 19:05 | Create | Villager (Male) |
| 19:08 | Build | Farm |
| 19:08 | Build | Farm |
| 19:09 | Build | Farm |
| 19:09 | Build | Farm |
| 19:11 | Build | Farm |
| 19:37 | Create | Villager (Male) |
| 19:37 | Create | Villager (Male) |
| 19:38 | Create | Villager (Male) |
| 19:49 | Create | Villager (Male) |
| 19:49 | Create | Villager (Male) |
| 20:02 | Build | Farm |
| 20:03 | Build | Farm |
| 20:04 | Create | Villager (Male) |
| 20:04 | Create | Villager (Male) |
| 20:09 | Build | House |
| 20:10 | Build | House |
| 20:25 | Build | Town Center |
| 20:40 | Create | Villager (Male) |
| 20:41 | Create | Villager (Male) |
| 20:41 | Create | Villager (Male) |
| 20:41 | Create | Villager (Male) |
| 20:56 | Create | Scorpion |
| 20:56 | Create | Scorpion |
| 20:57 | Create | Scorpion |
| 20:58 | Create | Villager (Male) |
| 20:58 | Create | Villager (Male) |
| 20:58 | Create | Villager (Male) |
| 20:59 | Create | Villager (Male) |
| 21:15 | Create | Villager (Male) |
| 21:15 | Create | Villager (Male) |
| 21:15 | Create | Villager (Male) |
| 21:30 | Create | Villager (Male) |
| 21:30 | Create | Villager (Male) |
| 21:42 | Create | Scorpion |
| 21:43 | Create | Scorpion |
| 21:43 | Create | Scorpion |
| 21:43 | Create | Scorpion |
| 21:49 | Create | Villager (Male) |
| 21:49 | Create | Villager (Male) |
| 21:49 | Create | Villager (Male) |
| 21:50 | Create | Villager (Male) |
| 22:03 | Create | Militia |
| 22:04 | Create | Militia |
| 22:12 | Create | Militia |
| 22:12 | Create | Militia |
| 22:28 | Build | House |
| 22:30 | Build | House |
| 22:31 | Build | House |
| 22:32 | Build | House |
| 22:34 | Build | House |
| 22:46 | Research | Hand Cart |
| 23:02 | Create | Villager (Male) |
| 23:02 | Create | Villager (Male) |
| 23:10 | Create | Villager (Male) |
| 23:10 | Create | Villager (Male) |
| 23:10 | Create | Villager (Male) |
| 23:21 | Build | House |
| 23:23 | Build | House |
| 23:25 | Build | House |
| 23:27 | Research | Town Watch |
| 23:31 | Create | Villager (Male) |
| 23:31 | Create | Villager (Male) |
| 23:34 | Create | Scorpion |
| 23:35 | Create | Scorpion |
| 23:35 | Create | Scorpion |
| 23:35 | Create | Scorpion |
| 23:38 | Create | Villager (Male) |
| 23:39 | Create | Villager (Male) |
| 23:50 | Build | Market |
| 23:53 | Build | Mining Camp |
| 23:59 | Create | Villager (Male) |
| 23:59 | Create | Villager (Male) |
| 24:17 | Research | Man-at-Arms (upgrade) |
Build order — Scout Conquer
First 150 of 419 actions detected
| 0:03 | Create | Villager (Male) ×4 |
| 0:04 | Create | Villager (Male) ×4 |
| 0:06 | Build | House |
| 0:08 | Build | House |
| 1:54 | Create | Villager (Male) |
| 1:54 | Create | Villager (Male) |
| 2:13 | Create | Villager (Male) |
| 2:13 | Create | Villager (Male) |
| 2:21 | Create | Villager (Male) |
| 2:22 | Create | Villager (Male) |
| 2:53 | Create | Villager (Male) |
| 3:35 | Create | Villager (Male) |
| 3:35 | Create | Villager (Male) |
| 3:53 | Create | Villager (Male) |
| 3:53 | Create | Villager (Male) |
| 4:14 | Build | Lumber Camp |
| 4:29 | Build | House |
| 4:33 | Build | House |
| 4:59 | Create | Villager (Male) |
| 4:59 | Create | Villager (Male) |
| 4:59 | Create | Villager (Male) |
| 5:27 | Create | Villager (Male) |
| 5:56 | Create | Villager (Male) |
| 6:20 | Create | Villager (Male) |
| 6:21 | Create | Villager (Male) |
| 6:49 | Build | House |
| 7:31 | Create | Villager (Male) |
| 7:31 | Create | Villager (Male) |
| 7:37 | Build | Mill |
| 8:04 | Create | Villager (Male) |
| 8:21 | Create | Villager (Male) |
| 8:30 | Create | Villager (Male) |
| 9:16 | Build | Mill |
| 9:20 | Research | Feudal Age |
| 9:33 | Build | House |
| 10:29 | Create | Villager (Male) |
| 11:09 | Create | Villager (Male) |
| 11:43 | Create | Villager (Male) |
| 11:46 | Age | Feudal Age |
| 11:52 | Research | Double-Bit Axe |
| 11:53 | Research | Horse Collar |
| 12:21 | Build | Mining Camp |
| 12:23 | Create | Villager (Male) |
| 12:35 | Build | House |
| 12:36 | Build | House |
| 12:41 | Build | Farm |
| 13:24 | Create | Villager (Male) |
| 13:48 | Create | Villager (Male) |
| 13:54 | Create | Villager (Male) |
| 13:58 | Build | Farm |
| 14:00 | Build | Farm |
| 14:03 | Build | Farm |
| 14:04 | Build | Farm |
| 14:04 | Build | Farm |
| 14:07 | Build | Farm |
| 14:08 | Build | Farm |
| 14:09 | Create | Villager (Male) |
| 14:44 | Create | Villager (Male) |
| 15:36 | Create | Villager (Male) |
| 15:36 | Create | Villager (Male) |
| 15:44 | Build | Farm |
| 15:45 | Build | Farm |
| 15:45 | Build | Farm |
| 15:48 | Build | Farm |
| 15:57 | Build | Farm |
| 16:11 | Create | Villager (Male) |
| 16:16 | Build | Farm |
| 16:27 | Build | Blacksmith |
| 16:38 | Build | Market |
| 16:43 | Create | Villager (Male) |
| 16:51 | Build | Farm |
| 16:53 | Build | Farm |
| 16:54 | Build | Farm |
| 17:15 | Create | Villager (Male) |
| 17:25 | Build | Mining Camp |
| 17:29 | Research | Castle Age |
| 17:29 | Research | Castle Age |
| 17:52 | Create | Villager (Male) |
| 18:21 | Build | House |
| 20:12 | Create | Villager (Male) |
| 20:12 | Create | Villager (Male) |
| 20:13 | Create | Villager (Male) |
| 20:21 | Age | Castle Age |
| 20:28 | Build | Town Center |
| 20:36 | Research | Bow Saw |
| 20:37 | Research | Heavy Plow |
| 20:39 | Research | Loom |
| 20:54 | Build | Town Center |
| 21:34 | Create | Villager (Male) |
| 21:34 | Create | Villager (Male) |
| 21:34 | Create | Villager (Male) |
| 21:35 | Create | Villager (Male) |
| 21:35 | Create | Villager (Male) |
| 21:47 | Build | Town Center |
| 21:53 | Create | Villager (Male) |
| 21:53 | Create | Villager (Male) |
| 22:17 | Build | House |
| 22:17 | Build | House |
| 22:20 | Build | House |
| 22:22 | Build | House |
| 22:26 | Build | House |
| 22:28 | Build | House |
| 22:29 | Build | House |
| 22:30 | Build | House |
| 22:36 | Create | Villager (Male) |
| 22:37 | Create | Villager (Male) |
| 22:39 | Research | Wheelbarrow |
| 22:51 | Create | Villager (Male) |
| 22:51 | Create | Villager (Male) |
| 22:52 | Create | Villager (Male) |
| 22:52 | Create | Villager (Male) |
| 22:52 | Create | Villager (Male) |
| 22:53 | Create | Villager (Male) |
| 23:23 | Create | Villager (Male) |
| 23:23 | Create | Villager (Male) |
| 23:24 | Create | Villager (Male) |
| 23:24 | Create | Villager (Male) |
| 23:35 | Build | Farm |
| 23:40 | Create | Villager (Male) |
| 23:43 | Create | Villager (Male) |
| 23:44 | Create | Villager (Male) |
| 23:44 | Create | Villager (Male) |
| 23:53 | Build | House |
| 23:55 | Build | House |
| 23:55 | Build | House |
| 23:56 | Build | House |
| 23:56 | Build | House |
| 23:56 | Build | House |
| 23:57 | Build | House |
| 23:57 | Build | House |
| 23:58 | Build | House |
| 23:58 | Build | House |
| 24:00 | Build | House |
| 24:03 | Create | Villager (Male) |
| 24:04 | Create | Villager (Male) |
| 24:05 | Create | Villager (Male) |
| 24:21 | Create | Villager (Male) |
| 24:21 | Create | Villager (Male) |
| 24:40 | Create | Villager (Male) |
| 25:18 | Create | Villager (Male) |
| 25:18 | Create | Villager (Male) |
| 25:18 | Create | Villager (Male) |
| 25:19 | Create | Villager (Male) |
| 25:20 | Create | Villager (Male) |
| 25:34 | Build | University |
| 25:37 | Build | Mill |
| 25:38 | Build | Farm |
| 25:40 | Build | Farm |
| 25:42 | Build | Farm |
| 25:43 | Build | Farm |
Build order — Valgt
First 150 of 257 actions detected
| 0:01 | Create | Villager (Male) |
| 0:03 | Build | House |
| 0:04 | Build | House |
| 0:12 | Create | Villager (Male) |
| 0:12 | Create | Villager (Male) |
| 0:27 | Create | Villager (Male) |
| 0:27 | Create | Villager (Male) |
| 1:33 | Create | Villager (Male) |
| 1:33 | Create | Villager (Male) |
| 1:55 | Create | Villager (Male) |
| 1:55 | Create | Villager (Male) |
| 2:31 | Create | Villager (Male) |
| 2:31 | Create | Villager (Male) |
| 2:51 | Research | Loom |
| 3:02 | Build | Lumber Camp |
| 3:03 | Create | Villager (Male) |
| 3:08 | Create | Villager (Male) |
| 3:08 | Create | Villager (Male) |
| 4:11 | Create | Villager (Male) |
| 4:11 | Create | Villager (Male) |
| 4:12 | Create | Villager (Male) |
| 4:15 | Build | House |
| 4:16 | Build | House |
| 4:32 | Build | Palisade Wall |
| 4:33 | Build | Palisade Wall |
| 4:35 | Build | Palisade Wall |
| 4:44 | Create | Villager (Male) |
| 5:23 | Build | Mill |
| 5:37 | Create | Villager (Male) |
| 5:41 | Create | Villager (Male) |
| 5:47 | Create | Villager (Male) |
| 5:47 | Create | Villager (Male) |
| 6:36 | Create | Villager (Male) |
| 7:17 | Create | Villager (Male) |
| 7:31 | Create | Villager (Male) |
| 7:52 | Build | Mill |
| 8:53 | Research | Feudal Age |
| 8:53 | Research | Feudal Age |
| 10:45 | Create | Villager (Male) |
| 11:03 | Age | Feudal Age |
| 11:17 | Build | Stone Wall |
| 11:20 | Build | Stone Wall |
| 11:24 | Build | Palisade Wall |
| 11:26 | Build | Palisade Wall |
| 11:28 | Build | Palisade Wall |
| 11:31 | Build | Palisade Wall |
| 11:33 | Build | Palisade Wall |
| 11:50 | Build | Gate |
| 11:56 | Create | Villager (Male) |
| 11:56 | Create | Villager (Male) |
| 12:01 | Build | Barracks |
| 12:16 | Build | Stone Wall |
| 12:20 | Build | Stone Wall |
| 12:30 | Build | House |
| 12:45 | Create | Villager (Male) |
| 13:16 | Create | Villager (Male) |
| 13:16 | Create | Villager (Male) |
| 13:34 | Build | Palisade Wall |
| 13:41 | Build | Palisade Wall |
| 13:42 | Build | Palisade Wall |
| 13:51 | Create | Spearman |
| 13:51 | Create | Spearman |
| 14:12 | Create | Villager (Male) |
| 14:31 | Create | Villager (Male) |
| 14:35 | Build | Farm |
| 14:35 | Build | Farm |
| 14:37 | Build | Farm |
| 14:38 | Build | Farm |
| 14:38 | Build | Farm |
| 14:41 | Build | Farm |
| 14:41 | Build | Farm |
| 14:42 | Create | Villager (Male) |
| 15:08 | Create | Villager (Male) |
| 15:30 | Build | Palisade Gate |
| 15:42 | Create | Villager (Male) |
| 15:46 | Create | Villager (Male) |
| 16:11 | Create | Villager (Male) |
| 16:22 | Build | Farm |
| 16:22 | Build | Farm |
| 16:23 | Build | Farm |
| 16:26 | Build | Mining Camp |
| 16:34 | Build | House |
| 16:57 | Build | House |
| 16:59 | Build | House |
| 17:04 | Research | Double-Bit Axe |
| 17:05 | Research | Horse Collar |
| 17:20 | Build | Stone Wall |
| 17:28 | Create | Villager (Male) |
| 17:35 | Create | Villager (Male) |
| 18:04 | Build | Farm |
| 18:06 | Create | Villager (Male) |
| 18:06 | Create | Villager (Male) |
| 18:18 | Build | Market |
| 18:24 | Build | Lumber Camp |
| 18:51 | Create | Villager (Male) |
| 19:31 | Create | Villager (Male) |
| 19:32 | Create | Villager (Male) |
| 19:49 | Build | Stable |
| 20:02 | Create | Villager (Male) |
| 20:43 | Research | Castle Age |
| 20:57 | Build | Archery Range |
| 21:13 | Build | House |
| 21:14 | Build | House |
| 21:37 | Build | Archery Range |
| 21:40 | Research | Bloodlines |
| 21:54 | Build | Blacksmith |
| 22:14 | Build | House |
| 22:15 | Build | House |
| 22:17 | Build | House |
| 22:46 | Build | Archery Range |
| 23:00 | Build | Stone Wall |
| 23:25 | Research | Fletching |
| 23:27 | Age | Castle Age |
| 23:30 | Create | Cavalry Archer |
| 23:30 | Create | Cavalry Archer |
| 23:31 | Create | Cavalry Archer |
| 23:41 | Create | Cavalry Archer |
| 23:44 | Create | Villager (Male) |
| 23:55 | Research | Bow Saw |
| 24:00 | Create | Villager (Male) |
| 24:10 | Create | Cavalry Archer |
| 24:20 | Research | Husbandry |
| 24:26 | Research | Bodkin Arrow |
| 24:28 | Create | Villager (Male) |
| 24:50 | Build | Farm |
| 24:51 | Build | Farm |
| 24:53 | Create | Villager (Male) |
| 24:57 | Create | Cavalry Archer ×5 |
| 24:57 | Create | Cavalry Archer ×5 |
| 25:04 | Research | Padded Archer Armor |
| 25:39 | Create | Villager (Male) |
| 25:46 | Create | Cavalry Archer |
| 25:57 | Build | University |
| 26:07 | Create | Villager (Male) |
| 26:07 | Create | Villager (Male) |
| 26:45 | Create | Villager (Male) |
| 27:08 | Create | Villager (Male) |
| 27:27 | Build | Town Center |
| 27:38 | Research | Leather Archer Armor |
| 27:51 | Create | Villager (Male) |
| 27:52 | Create | Villager (Male) |
| 28:21 | Create | Cavalry Archer |
| 28:22 | Create | Cavalry Archer |
| 28:22 | Create | Cavalry Archer |
| 28:36 | Create | Villager (Male) |
| 29:28 | Create | Cavalry Archer |
| 29:29 | Create | Cavalry Archer |
| 29:29 | Create | Cavalry Archer |
| 29:30 | Create | Villager (Male) |
| 29:31 | Create | Villager (Male) |
Build order — tanbuiminh2000
First 150 of 509 actions detected
| 0:03 | Build | House |
| 0:04 | Create | Villager (Male) |
| 0:04 | Create | Villager (Male) |
| 0:09 | Create | Villager (Male) |
| 0:09 | Create | Villager (Male) |
| 0:09 | Create | Villager (Male) |
| 0:55 | Build | House |
| 1:20 | Create | Villager (Male) |
| 1:20 | Create | Villager (Male) |
| 1:36 | Build | Mill |
| 1:42 | Create | Villager (Male) |
| 1:42 | Create | Villager (Male) |
| 1:43 | Create | Villager (Male) |
| 2:16 | Research | Loom |
| 2:19 | Create | Villager (Male) |
| 2:19 | Create | Villager (Male) |
| 2:33 | Create | Villager (Male) |
| 2:34 | Create | Villager (Male) |
| 3:19 | Create | Villager (Male) |
| 3:19 | Create | Villager (Male) |
| 3:33 | Create | Villager (Male) |
| 4:19 | Build | Lumber Camp |
| 4:30 | Create | Villager (Male) |
| 4:31 | Create | Villager (Male) |
| 4:57 | Create | Villager (Male) |
| 4:57 | Create | Villager (Male) |
| 5:42 | Build | House |
| 6:06 | Create | Villager (Male) |
| 6:07 | Create | Villager (Male) |
| 6:07 | Create | Villager (Male) |
| 6:24 | Create | Villager (Male) |
| 6:37 | Build | House |
| 7:09 | Build | Palisade Wall |
| 7:32 | Create | Villager (Male) |
| 7:47 | Create | Villager (Male) |
| 8:47 | Create | Villager (Male) |
| 8:47 | Create | Villager (Male) |
| 9:15 | Build | Palisade Wall |
| 9:27 | Research | Feudal Age |
| 9:27 | Research | Feudal Age |
| 10:26 | Build | Barracks |
| 10:40 | Create | Villager (Male) |
| 10:59 | Build | Palisade Wall |
| 11:02 | Build | Palisade Wall |
| 11:37 | Age | Feudal Age |
| 11:38 | Build | Archery Range |
| 11:56 | Build | Stone Wall |
| 12:06 | Build | Mill |
| 12:07 | Create | Villager (Male) |
| 12:08 | Create | Villager (Male) |
| 12:11 | Research | Double-Bit Axe |
| 12:11 | Research | Double-Bit Axe |
| 12:30 | Build | Stone Wall |
| 12:39 | Create | Archer |
| 12:40 | Create | Archer |
| 12:44 | Build | House |
| 12:45 | Build | House |
| 12:45 | Build | House |
| 12:45 | Build | House |
| 13:50 | Create | Villager (Male) |
| 13:50 | Create | Villager (Male) |
| 13:50 | Create | Villager (Male) |
| 14:03 | Build | Stone Wall |
| 14:11 | Build | Mill |
| 14:15 | Build | Farm |
| 14:16 | Build | Farm |
| 14:17 | Build | Farm |
| 14:18 | Build | Farm |
| 14:18 | Build | Farm |
| 14:18 | Build | Farm |
| 14:53 | Create | Skirmisher ×5 |
| 14:54 | Create | Skirmisher ×5 |
| 14:54 | Create | Skirmisher ×2 |
| 14:54 | Create | Skirmisher ×2 |
| 15:07 | Build | Gate |
| 15:48 | Build | House |
| 15:48 | Build | House |
| 15:49 | Build | House |
| 15:49 | Build | House |
| 16:05 | Build | Lumber Camp |
| 16:10 | Build | Market |
| 16:19 | Create | Villager (Male) |
| 16:35 | Build | Mining Camp |
| 16:44 | Build | Stone Wall |
| 16:59 | Create | Villager (Male) |
| 17:00 | Create | Villager (Male) |
| 17:05 | Build | Farm |
| 17:08 | Build | Farm |
| 17:38 | Build | Farm |
| 18:30 | Build | Mining Camp |
| 18:32 | Research | Castle Age |
| 18:32 | Research | Castle Age |
| 18:32 | Research | Castle Age |
| 19:00 | Research | Stone Mining |
| 19:01 | Research | Stone Mining |
| 19:26 | Build | Lumber Camp |
| 19:34 | Build | Lumber Camp |
| 19:51 | Create | Villager (Male) |
| 19:51 | Create | Villager (Male) |
| 21:12 | Age | Castle Age |
| 21:18 | Build | Town Center |
| 21:20 | Create | Villager (Male) |
| 21:30 | Research | Bow Saw |
| 21:52 | Create | Villager (Male) |
| 22:08 | Research | Horse Collar |
| 22:30 | Create | Villager (Male) |
| 22:30 | Create | Villager (Male) |
| 22:33 | Create | Villager (Male) |
| 22:33 | Create | Villager (Male) |
| 23:02 | Build | Town Center |
| 23:05 | Create | Villager (Male) |
| 23:05 | Create | Villager (Male) |
| 23:05 | Create | Villager (Male) |
| 23:05 | Create | Villager (Male) |
| 23:24 | Create | Villager (Male) |
| 23:24 | Create | Villager (Male) |
| 23:24 | Create | Villager (Male) |
| 23:28 | Create | Villager (Male) |
| 23:29 | Create | Villager (Male) |
| 23:37 | Build | Farm |
| 23:38 | Build | Farm |
| 23:41 | Create | Villager (Male) |
| 23:41 | Create | Villager (Male) |
| 23:57 | Build | Farm |
| 23:58 | Build | Farm |
| 24:03 | Create | Villager (Male) |
| 24:03 | Create | Villager (Male) |
| 24:13 | Build | Farm |
| 24:20 | Create | Villager (Male) |
| 24:20 | Create | Villager (Male) |
| 24:20 | Create | Villager (Male) |
| 24:21 | Create | Villager (Male) |
| 24:24 | Build | Farm |
| 24:25 | Build | Farm |
| 24:38 | Create | Villager (Male) |
| 24:38 | Create | Villager (Male) |
| 24:38 | Create | Villager (Male) |
| 24:53 | Create | Villager (Male) |
| 24:53 | Create | Villager (Male) |
| 24:53 | Create | Villager (Male) |
| 24:59 | Build | Town Center |
| 25:04 | Create | Villager (Male) |
| 25:07 | Create | Villager (Male) |
| 25:07 | Create | Villager (Male) |
| 25:27 | Build | Farm |
| 25:27 | Build | Farm |
| 25:27 | Build | Farm |
| 25:27 | Build | Farm |
| 25:28 | Build | Farm |
| 25:28 | Build | Farm |
Match timeline
| 4:32 | Valgt · wall_segment Palisade Wall x1 |
| 4:33 | Valgt · wall_segment Palisade Wall x1 |
| 4:35 | Valgt · wall_segment Palisade Wall x2 |
| 7:09 | tanbuiminh2000 · wall_segment Palisade Wall x10 |
| 7:41 | SMNT-Chifuego · wall_segment Palisade Wall x6 |
| 8:15 | tomcoronell · first_building Barracks |
| 8:39 | SMNT-Chifuego · wall_segment Palisade Wall x4 |
| 9:15 | tanbuiminh2000 · wall_segment Palisade Wall x9 |
| 9:29 | SMNT-Chifuego · wall_segment Palisade Wall x10 |
| 10:20 | ivancarrascov · age_up feudal |
| 10:26 | tanbuiminh2000 · first_building Barracks |
| 10:59 | tanbuiminh2000 · wall_segment Palisade Wall x7 |
| 11:02 | tanbuiminh2000 · wall_segment Palisade Wall x1 |
| 11:03 | Valgt · age_up feudal |
| 11:11 | kuzgun · age_up feudal |
| 11:17 | Valgt · wall_segment Stone Wall x10 |
| 11:20 | Valgt · wall_segment Stone Wall x14 |
| 11:24 | Valgt · wall_segment Palisade Wall x1 |
| 11:26 | Valgt · wall_segment Palisade Wall x1 |
| 11:28 | Valgt · wall_segment Palisade Wall x1 |
| 11:31 | Valgt · wall_segment Palisade Wall x1 |
| 11:32 | SMNT-Chifuego · wall_segment Palisade Wall x9 |
| 11:33 | Valgt · wall_segment Palisade Wall x1 |
| 11:37 | tanbuiminh2000 · age_up feudal |
| 11:38 | tanbuiminh2000 · first_building Archery Range |
| 11:41 | jean-danie1 · age_up feudal |
| 11:46 | Scout Conquer · age_up feudal |
| 11:56 | tanbuiminh2000 · wall_segment Stone Wall x3 |
| 12:01 | Valgt · first_building Barracks |
| 12:16 | Valgt · wall_segment Stone Wall x11 |
| 12:20 | Valgt · wall_segment Stone Wall x7 |
| 12:30 | tanbuiminh2000 · wall_segment Stone Wall x15 |
| 12:46 | jean-danie1 · first_building Barracks |
| 13:34 | Valgt · wall_segment Palisade Wall x4 |
| 13:41 | Valgt · wall_segment Palisade Wall x1 |
| 13:42 | Valgt · wall_segment Palisade Wall x1 |
| 13:46 | SMNT-Chifuego · wall_segment Palisade Wall x12 |
| 13:52 | SMNT-Chifuego · wall_segment Palisade Wall x13 |
| 13:55 | SMNT-Chifuego · age_up feudal |
| 14:03 | tanbuiminh2000 · wall_segment Stone Wall x13 |
| 14:04 | ivancarrascov · first_building Barracks |
| 14:18 | ivancarrascov · first_market_sell 100 wood |
| 14:19 | ivancarrascov · first_market_buy 100 food |
| 14:38 | kuzgun · first_building Barracks |
| 14:50 | SMNT-Chifuego · first_building Barracks |
| 15:07 | jean-danie1 · first_building Stable |
| 15:56 | kuzgun · age_up castle |
| 16:27 | jean-danie1 · wall_segment Stone Wall x30 |
| 16:44 | tanbuiminh2000 · wall_segment Stone Wall x11 |
| 16:46 | kuzgun · first_building Stable |
| 16:55 | kuzgun · wall_segment Stone Wall x9 |
| 17:03 | ivancarrascov · age_up castle |
| 17:16 | ivancarrascov · first_building Siege Workshop |
| 17:20 | Valgt · wall_segment Stone Wall x1 |
| 17:35 | SMNT-Chifuego · wall_segment Palisade Wall x1 |
| 17:50 | tanbuiminh2000 · first_market_sell 500 wood |
| 18:44 | SMNT-Chifuego · first_building Archery Range |
| 19:05 | jean-danie1 · first_market_buy 100 wood |
| 19:16 | kuzgun · wall_segment Stone Wall x2 |
| 19:24 | Valgt · first_market_sell 100 wood |
| 19:49 | Valgt · first_building Stable |
| 19:52 | jean-danie1 · first_market_sell 100 food |
| 20:21 | Scout Conquer · age_up castle |
| 20:57 | Valgt · first_building Archery Range |
| 21:12 | tanbuiminh2000 · age_up castle |
| 21:21 | jean-danie1 · wall_segment Stone Wall x52 |
| 22:53 | kuzgun · first_building Castle |
| 23:00 | Valgt · wall_segment Stone Wall x1 |
| 23:06 | SMNT-Chifuego · wall_segment Palisade Wall x1 |
| 23:27 | Valgt · age_up castle |
| 23:40 | jean-danie1 · age_up castle |
| 24:15 | jean-danie1 · first_building Castle |
| 25:29 | Valgt · first_market_buy 100 stone |
| 25:58 | SMNT-Chifuego · age_up castle |
| 25:59 | Scout Conquer · first_building Castle |
| 27:25 | kuzgun · first_market_sell 100 wood |
| 27:26 | kuzgun · first_market_buy 100 stone |
| 27:48 | ivancarrascov · first_building Castle |
| 27:49 | SMNT-Chifuego · first_building Castle |
| 27:52 | tanbuiminh2000 · first_market_buy 100 food |
| 28:07 | Scout Conquer · first_building Barracks |
| 28:15 | Scout Conquer · first_building Siege Workshop |
| 28:21 | kuzgun · wall_segment Palisade Wall x1 |
| 29:01 | tanbuiminh2000 · wall_segment Stone Wall x3 |
| 29:04 | tanbuiminh2000 · wall_segment Stone Wall x3 |
| 29:10 | tanbuiminh2000 · wall_segment Stone Wall x8 |
| 29:36 | tanbuiminh2000 · first_building Castle |
| 30:09 | SMNT-Chifuego · first_building Siege Workshop |
| 30:15 | kuzgun · age_up imperial |
| 30:52 | kuzgun · first_building Monastery |
| 30:55 | tomcoronell · first_building Monastery |
| 30:58 | tanbuiminh2000 · wall_segment Stone Wall x4 |
| 30:59 | Scout Conquer · first_building Archery Range |
| 31:20 | tanbuiminh2000 · wall_segment Stone Wall x5 |
| 31:21 | tanbuiminh2000 · wall_segment Stone Wall x4 |
| 31:25 | kuzgun · wall_segment Stone Wall x6 |
| 31:33 | tanbuiminh2000 · wall_segment Stone Wall x5 |
| 33:33 | SMNT-Chifuego · first_market_sell 100 wood |
| 33:34 | SMNT-Chifuego · first_market_buy 100 stone |
| 34:27 | Scout Conquer · age_up imperial |
| 34:34 | tomcoronell · first_building Castle |
| 34:40 | Valgt · first_building Monastery |
| 35:45 | tomcoronell · first_building Siege Workshop |
| 36:45 | tanbuiminh2000 · wall_segment Stone Wall x11 |
| 36:56 | jean-danie1 · first_building Monastery |
| 37:15 | tomcoronell · first_building Stable |
| 37:19 | Valgt · first_building Castle |
| 38:52 | Valgt · age_up imperial |
| 39:41 | jean-danie1 · first_building Siege Workshop |
| 41:39 | SMNT-Chifuego · resign |
| 41:40 | tanbuiminh2000 · wall_segment Stone Wall x9 |
| 41:51 | ivancarrascov · age_up imperial |
| 42:19 | Scout Conquer · first_building Stable |
| 42:29 | tanbuiminh2000 · wall_segment Stone Wall x24 |
| 42:58 | tanbuiminh2000 · wall_segment Stone Wall x15 |
| 43:01 | tanbuiminh2000 · wall_segment Stone Wall x5 |
| 43:10 | tanbuiminh2000 · wall_segment Stone Wall x6 |
| 43:16 | tanbuiminh2000 · wall_segment Stone Wall x14 |
| 43:19 | tanbuiminh2000 · wall_segment Stone Wall x1 |
| 43:22 | tanbuiminh2000 · wall_segment Stone Wall x1 |
| 43:26 | tanbuiminh2000 · wall_segment Stone Wall x6 |
| 43:28 | tanbuiminh2000 · wall_segment Stone Wall x2 |
| 43:36 | tanbuiminh2000 · wall_segment Stone Wall x6 |
| 43:46 | jean-danie1 · age_up imperial |
| 46:43 | tanbuiminh2000 · wall_segment Stone Wall x15 |
| 47:13 | tanbuiminh2000 · wall_segment Stone Wall x6 |
| 47:51 | tanbuiminh2000 · age_up imperial |
| 47:58 | tanbuiminh2000 · wall_segment Stone Wall x20 |
| 48:03 | tanbuiminh2000 · wall_segment Stone Wall x8 |
| 48:07 | tanbuiminh2000 · wall_segment Stone Wall x3 |
| 48:09 | tanbuiminh2000 · wall_segment Stone Wall x11 |
| 48:26 | tanbuiminh2000 · wall_segment Stone Wall x3 |
| 48:42 | tanbuiminh2000 · wall_segment Stone Wall x14 |
| 48:51 | tanbuiminh2000 · wall_segment Stone Wall x15 |
[ AI ANALYSIS · 1 CREDIT ]
What really happened in this match?
Wolo.gg analyzes every decision: build order, eco, micro, common mistakes by bracket. Personalized analysis on WhatsApp or Discord in 30 seconds.
Civ guide
Franks
Perfil
Jugador #2552650